 Dungeon Sprint DCSS version 0.28-a0-1130-gc51a68064b (webtiles) character file.

Game seed: 12360754056795453764

13425 rocky1 the Carver (level 12, -9/112 HPs)
             Began as a Naga Fighter on Dec 13, 2021.
             Was the Champion of Cheibriados.
             Mangled by a two-headed ogre (10 damage)
             ... in the Dungeon (Sprint VII: "The Pits").
             The game lasted 00:13:31 (2592 turns).

rocky1 the Carver (Naga Fighter)                    Turns: 2592, Time: 00:13:31

Health: -9/112     AC: 22    Str: 38    XL:     12   Next: 5%
Magic:  25/31      EV:  8    Int: 29    God:    Cheibriados [******]
Gold:   39         SH:  9    Dex: 26    Spells: 13/13 levels left

rFire   . . .      SeeInvis +   q - +2 scimitar (flame)
rCold   . . .      Faith    .   c - +0 buckler
rNeg    . . .      Spirit   .   r - +4 chain mail
rPois   +          Reflect  .   t - +3 hat of Pondering {ponderous, Will+ MP+10 Int+5}
rElec   .          Harm     .   f - +2 cloak {Will+}
rCorr   .          Rampage  .   (no gloves)
Will    +++..      NoTele   +   (no barding)
Stlth   ++........              (no amulet)
HPRegen 0.28/turn               (no ring)
MPRegen 0.22/turn               (no ring)

@: petrifying (expiring), very slow
A: AC +4, large, see invisible, deformed body, poison resistance, slowness 2,
spit poison 1, naga tail 1, screaming 1, wild magic 1
a: Spit Poison, Renounce Religion, Bend Time, Temporal Distortion, Slouch, Step
From Time


You were in the Dungeon.
You worshipped Cheibriados.
Cheibriados was exalted by your worship.
You visited 1 branch You collected 39 gold pieces.

Inventory:

Hand Weapons
 o - a +1 long sword of holy wrath
 q - a +2 scimitar of flaming (weapon)
 s - a +2 rapier of venom
Missiles
 a - 4 poisoned darts
Armour
 b - a +0 helmet
 c - a +0 buckler (worn)
 f - a +2 cloak of willpower (worn)
 r - a +4 chain mail (worn)
 t - the +3 hat of Pondering (worn) {ponderous, Will+ MP+10 Int+5}
   (You took it off Gastronok in the Dungeon)

   Int:       It affects your intelligence (+5).
   MP:        It affects your magic capacity (+10).
   Will:      It increases your willpower.
Jewellery
 g - a +3 ring of strength
 p - a +3 ring of protection
 B - a ring of magical power
 C - a ring of positive energy
Scrolls
 j - a scroll of fog
 l - 5 scrolls of amnesia
 m - a scroll of summoning
 u - a scroll of blinking
 v - 4 scrolls of enchant armour
 w - 6 scrolls of enchant weapon
 y - 2 scrolls of identify
 A - a scroll of magic mapping
Potions
 d - 3 potions of might
 e - 9 potions of curing
 h - 4 potions of magic
 i - 5 potions of berserk rage
 k - 2 potions of invisibility
 n - 12 potions of heal wounds
 x - a potion of brilliance


   Skills:
 + Level 8.8 Fighting
 + Level 13.5 Long Blades
 + Level 11.6 Armour
 + Level 10.4 Dodging
 - Level 8.8 Stealth
 + Level 11.6 Shields
 + Level 1.1 Spellcasting
 + Level 13.0 Invocations


You had 13 spell levels left.
You didn't know any spells.
Your spell library contained the following spells:

 Spells                   Type           Power      Damage    Failure   Level
 Corpse Rot               Necr/Air       4%         N/A       45%         2
 Poisonous Vapours        Pois/Air       4%         N/A       45%         2
 Freezing Cloud           Conj/Ice/Air   1%         6-21      100%        5
 Chain Lightning          Conj/Air       1%         3d1       100%        9


Dungeon Overview and Level Annotations

Branches:
Dungeon (1/1)

Altars:
Ashenzari
Cheibriados
Dithmenos
Elyvilon
Fedhas
Gozag
Hepliaklqana
Kikubaaqudgha
Makhleb
Nemelex Xobeh
Okawaru
Qazlal
Ru
Sif Muna
Trog
Uskayaw
Vehumet
Wu Jian
Xom
Yredelemnul
Zin
The Shining One
Beogh
Jiyva
Lugonu


Innate Abilities, Weirdness & Mutations

Your serpentine skin is tough. (AC +4)
You have supernaturally acute eyesight. (SInv)
Armour fits poorly on your strangely shaped body.
Your system is resistant to poisons. (rPois)
You cover ground very slowly.
You can spit poison.
You have a snake-like lower body.
You occasionally shout uncontrollably at your foes.
Your spells are a little harder to cast, but a little more powerful.


Message History

The blast of calcifying dust hits you but does no damage.
The two-headed ogre hits you with a +0 giant club!
The two-headed ogre hits you but does no damage.
You are engulfed in calcifying dust.
The catoblepas gores you but does no damage.
The two-headed ogre hits you with a +0 giant club!!
The two-headed ogre hits you with a +0 giant club!
You are engulfed in calcifying dust.
The catoblepas gores you!!
* * * LOW HITPOINT WARNING * * *
The two-headed ogre hits you with a +0 giant club.
* * * LOW HITPOINT WARNING * * *
The two-headed ogre hits you but does no damage.
You are engulfed in calcifying dust.
The catoblepas breathes a plume of calcifying dust at you.
The blast of calcifying dust hits you but does no damage.
You turn to flesh and can move again.
Activating: Slouch (1% risk of failure)
Press: ? - help, Dir - look around, f - activate You can feel time thicken for a moment.
You kill the catoblepas!
Cheibriados appreciates the change of pace.
You are engulfed in calcifying dust.
You are slowing down.
The two-headed ogre hits you but does no damage. x2
Your Spellcasting skill increases to level 1!
Your Invocations skill increases to level 13!
You have reached level 12!
You feel agile.
Your skin feels tougher.
You slash the two-headed ogre! You burn the two-headed ogre!
The two-headed ogre is almost dead.
You block the two-headed ogre's attack.
The two-headed ogre hits you with a +0 giant club!
* * * LOW HITPOINT WARNING * * *
Your limbs are stiffening.
Unknown command.
Unknown command.
The two-headed ogre hits you with a +0 giant club!!
* * * LOW HITPOINT WARNING * * *
The two-headed ogre hits you with a +0 giant club!
You die...

########################
.)...............O......
............§.§§@†......
##############++########
# # # # # # #


You could see a two-headed ogre.

Vanquished Creatures
  Gastronok (D)
  A boulder beetle (D)
  A hydra (D)
  A catoblepas (D)
  A deep elf knight (D)
  A deep troll (D)
  A sea snake (D)
  A flayed ghost (D)
  2 phantasmal warriors (D)
  A lindwurm (D)
  A manticore (D)
  A molten gargoyle (D)
  An unseen horror (D)
  A kobold demonologist (D)
  2 ice devils (D)
  A guardian mummy (D)
  A polar bear (D)
  A hornet (D)
  4 blink frogs (D)
  2 wyverns (D)
  A redback (D)
  2 tarantellas (D)
  A large abomination (D)
  5 yaks (D)
  A wraith (D)
  2 vampire mosquitoes (D)
  A basilisk (D)
  A warg (D)
  A water moccasin (D)
  3 floating eyes (D)
  A swamp drake (D)
  A black bear (D)
  A necrophage (D)
  A centaur (D)
  5 wolves (D)
  3 kobold brigands (D)
  Blork the orc (D)
  A scorpion (D)
  3 wights (D)
  A crimson imp (D)
  A hound (D)
  Crazy Yiuf (D)
  A gnoll shaman (D)
  An orc priest (D)
  An iguana (D)
  An orc wizard (D)
  3 gnolls (D)
  A river rat (D)
  2 adders (D)
  A white imp (D)
  An ufetubus (D)
  A worm (D)
  An orc (D)
  A bat zombie (D)
  An endoplasm (D)
  A giant cockroach (D)
  2 ball pythons (D)
  4 kobolds (D)
  2 rats (D)
89 creatures vanquished.

Notes
Turn   | Place    | Note
-------+----------+-------------------------------------------
     0 | D        | rocky1 the Naga Fighter began the quest for the Orb.
     0 | D        | Reached XP level 1. HP: 21/21 MP: 1/1
    18 | D        | Found a bloodstained altar of Trog.
    18 | D        | Found a shimmering blue altar of Sif Muna.
    18 | D        | Found a viscous altar of Jiyva.
    18 | D        | Found a hazy altar of Hepliaklqana.
    18 | D        | Found an opulent altar of Gozag.
    19 | D        | Found a glowing golden altar of the Shining One.
    19 | D        | Found a glowing silver altar of Zin.
    19 | D        | Found a basalt altar of Yredelemnul.
    19 | D        | Found a shimmering altar of Xom.
    19 | D        | Found an ornate altar of the Wu Jian Council.
    19 | D        | Found a sacrificial altar of Ru.
    19 | D        | Found a stormy altar of Qazlal.
    19 | D        | Found an iron altar of Okawaru.
    19 | D        | Found a sparkling altar of Nemelex Xobeh.
    19 | D        | Found a burning altar of Makhleb.
    19 | D        | Found a blossoming altar of Fedhas.
    19 | D        | Found a white marble altar of Elyvilon.
    19 | D        | Found a shadowy altar of Dithmenos.
    19 | D        | Found a snail-covered altar of Cheibriados.
    22 | D        | Found a corrupted altar of Lugonu.
    22 | D        | Found a radiant altar of Vehumet.
    23 | D        | Found an ancient bone altar of Kikubaaqudgha.
    23 | D        | Found a hide-covered altar of Uskayaw.
    23 | D        | Found a broken altar of Ashenzari.
    30 | D        | Became a worshipper of Cheibriados the Contemplative
    69 | D        | Noticed a floating eye
    71 | D        | Paralysed by a floating eye for 3 turns
    75 | D        | Killed a floating eye
    76 | D        | Reached XP level 2. HP: 31/31 MP: 1/4
    76 | D        | Reached XP level 3. HP: 38/38 MP: 1/5
    76 | D        | Reached XP level 4. HP: 45/45 MP: 1/6
    76 | D        | Reached * piety under Cheibriados
   226 | D        | Noticed a scorpion
   231 | D        | Killed a scorpion
   231 | D        | Reached ** piety under Cheibriados
   232 | D        | Reached skill level 5 in Fighting
   232 | D        | Reached skill level 5 in Long Blades
   232 | D        | Reached XP level 5. HP: 39/52 MP: 6/8
   247 | D        | Noticed Crazy Yiuf
   252 | D        | Reached *** piety under Cheibriados
   253 | D        | Reached skill level 5 in Invocations
   262 | D        | Reached **** piety under Cheibriados
   267 | D        | Killed Crazy Yiuf
   268 | D        | Reached skill level 5 in Shields
   505 | D        | Noticed a kobold brigand
   513 | D        | Killed a kobold brigand
   514 | D        | Reached skill level 5 in Armour
   514 | D        | Reached skill level 1 in Dodging
   514 | D        | Reached XP level 6. HP: 51/62 MP: 10/10
   514 | D        | Noticed a black bear
   514 | D        | Noticed a water moccasin
   514 | D        | Noticed a floating eye
   516 | D        | Killed a water moccasin
   516 | D        | Reached ***** piety under Cheibriados
   517 | D        | Killed a black bear
   517 | D        | Killed a floating eye
   518 | D        | Reached XP level 7. HP: 56/69 MP: 0/12
   596 | D        | Noticed a tarantella
   604 | D        | Killed a tarantella
   658 | D        | Reached ****** piety under Cheibriados
   806 | D        | Reached skill level 5 in Dodging
   806 | D        | Reached XP level 8. HP: 76/76 MP: 8/14
   842 | D        | Gained mutation: You possess an exceptional clarity of
                  | mind. [potion of mutation]
   843 | D        | Lost mutation: You possess an exceptional clarity of mind.
                  | [potion of mutation]
   843 | D        | Gained mutation: You have hidden genetic defects. [potion
                  | of mutation]
   843 | D        | Gained mutation: You are agile. (Dex +2) [potion of
                  | mutation]
   935 | D        | Noticed a hornet
   935 | D        | Noticed Gastronok
   936 | D        | Killed a hornet
   939 | D        | Gained mutation: You are frail. (-10% HP) [hidden defects]
   950 | D        | Killed Gastronok
   951 | D        | Reached skill level 10 in Long Blades
   951 | D        | Reached skill level 10 in Invocations
   951 | D        | Reached XP level 9. HP: 73/73 MP: 12/16
   957 | D        | Gained mutation: You are very frail. (-20% HP) [hidden
                  | defects]
   957 | D        | Lost mutation: You have hidden genetic defects. [hidden
                  | defects expressed]
   970 | D        | Noticed a guardian mummy
   971 | D        | Noticed Blork the orc
   971 | D        | Noticed a phantasmal warrior
   971 | D        | Noticed a sea snake
   971 | D        | Noticed a manticore
   972 | D        | Killed Blork the orc
   975 | D        | Killed a guardian mummy
   987 | D        | Killed a phantasmal warrior
   988 | D        | Reached XP level 10. HP: 7/72 MP: 16/18
   991 | D        | Killed a sea snake
   991 | D        | Killed a manticore
   991 | D        | HP: 3/72 [poisoned by a sea snake]
  1270 | D        | Noticed a lindwurm
  1278 | D        | Killed a lindwurm
  1285 | D        | Noticed a boulder beetle
  1295 | D        | Noticed a phantasmal warrior
  1297 | D        | Killed a boulder beetle
  1298 | D        | Reached skill level 10 in Armour
  1298 | D        | Reached skill level 10 in Shields
  1300 | D        | Killed a phantasmal warrior
  1492 | D        | Noticed a flayed ghost
  1498 | D        | Killed a flayed ghost
  1499 | D        | Reached XP level 11. HP: 55/77 MP: 20/20
  1572 | D        | Noticed a deep elf knight
  1572 | D        | Noticed an eight-headed hydra
  1577 | D        | Reached skill level 1 in Stealth
  1668 | D        | Killed a six-headed hydra
  1893 | D        | Killed a deep elf knight
  1894 | D        | Reached skill level 5 in Stealth
  1918 | D        | Paralysed by a floating eye for 3 turns
  1929 | D        | Reached skill level 10 in Dodging
  2004 | D        | Got the Tome of Flight
  2010 | D        | Lost mutation: You are agile. (Dex +2) [potion of mutation]
  2010 | D        | Lost mutation: You are very frail. (-20% HP) [potion of
                  | mutation]
  2010 | D        | Lost mutation: You are frail. (-10% HP) [potion of
                  | mutation]
  2010 | D        | Gained mutation: You occasionally shout uncontrollably at
                  | your foes. [potion of mutation]
  2010 | D        | Gained mutation: Your spells are a little harder to cast,
                  | but a little more powerful. [potion of mutation]
  2463 | D        | Noticed a deep troll
  2468 | D        | Killed a deep troll
  2571 | D        | Noticed a catoblepas
  2571 | D        | Noticed a two-headed ogre
  2590 | D        | Killed a catoblepas
  2591 | D        | Reached skill level 1 in Spellcasting
  2591 | D        | Reached XP level 12. HP: 23/112 MP: 21/21
  2592 | D        | HP: 1/112 [two-headed ogre (13)]
  2592 | D        | Mangled by a two-headed ogre

Illustrated notes

Levels and vault maps discovered:
D:        pitsprint [storerooms_1, entrance_room_1, metal_vault_4, armoury_1,
          mini_pit_1, grid_room_1, main_hall_1, silver_pit, the_coven_3,
          the_vestibule_1, steel_vault_5, golden_pit, hallway_of_sentries,
          crystal_vault_5, iron_vault_3, final_vault]

Skill      XL: |  1  2  3  4  5  6  7  8  9 10 11 |
---------------+----------------------------------+-----
Fighting       | 4 5 6 8 |  8.8
Long Blades    | 4 5 7 8 10 12 13 | 13.5
Armour         | 4 5 6 7 8 9 10 11 | 11.6
Shields        | 4 5 6 7 8 9 10 11 | 11.6
Invocations    | 3 4 5 7 9 10 11 12 13 | 13.0
Dodging        | 1 3 5 6 7 9 10 | 10.4
Stealth        | 8 |  8.8
Spellcasting   | 1 |  1.1

Action                   |  1- 3 |  4- 6 |  7- 9 | 10-12 || total
-------------------------+-------+-------+-------+-------++-------
Melee: Long sword        |     4 |    34 |    11 |     6 ||    55
       Scimitar          |       |       |    25 |    85 ||   110
Invok: Slouch            |       |     2 |     4 |    17 ||    23
 Abil: Spit Poison       |       |     3 |     1 |       ||     4
  Use: Potion            |       |     1 |     2 |     3 ||     6
       Scroll            |       |       |       |     1 ||     1
Armor: Scale mail        |     1 |    19 |     4 |       ||    24
       Chain mail        |       |       |     4 |    67 ||    71
Dodge: Dodged            |       |    16 |    12 |    79 ||   107
Block: Buckler           |       |    14 |     4 |    50 ||    68

Table legend: (Time is in decaauts)
 A = Elapsed time spent in this place.
 B = Non-inter-level travel time spent in this place.
 C = Inter-level travel time spent in this place.
 D = Time resting spent in this place.
 E = Time spent auto-exploring this place.
 F = Levels seen in this place.
 G = Mean time per level.
                   A        B        C        D        E       F      G
               +--------+--------+--------+--------+--------+-----+--------+
         Total |   3414 |   3325 |     89 |   1742 |      0 |   1 | 3414.0 |
       Dungeon |   3414 |   3325 |     89 |   1742 |      0 |   1 | 3414.0 |
               +--------+--------+--------+--------+--------+-----+--------+

Top non-repeatable levels by time:
       D: 3414 daAuts
